 Dungeon Crawl Stone Soup version 0.31-a0-523-g071a6c1ffa (webtiles) character file.

Game seed: 11243926922986979547

10 LeprechaunX the Ruffian (level 2, 0/18 HPs)
             Began as an Octopode Shapeshifter on Aug 12, 2023.
             Slain by a gnoll
             ... wielding a +0 flail
              (6 damage)
             ... on level 1 of the Dungeon.
             The game lasted 00:00:20 (170 turns).

LeprechaunX the Ruffian (Octopode Shapeshifter)      Turns: 170, Time: 00:00:21

Health: 0/18       AC:  1    Str: 14    XL:     2   Next: 20%
Magic:  2/2        EV: 13    Int: 10    God:
Gold:   0          SH:  0    Dex: 12    Spells: 1/1 levels left

rFire   . .          .
                       - Unarmed
rCold   . . .        (no shield)
rNeg    . . .        (helmet currently unavailable)
rPois   .            (no amulet)
rElec   .            (no ring)
rCorr   .            (no ring)
SInv    .            (no ring)
Will    .....        (no ring)
Stlth   ++           (no ring)
HPRegen 0.23/turn    (no ring)
MPRegen 0.08/turn    (no ring)
                     (no ring)

%: no passive effects
@: beast-form
A: beast (slay +2), almost no armour, amphibious, 8 rings, camouflage 1,
gelatinous body 1, (nimble swimmer 1), tentacles
a: Begin Untransformation


You were on level 1 of the Dungeon.
You were a hulking beast.
You visited 1 branch of the dungeon, and saw 1 of its levels.

Inventory:

Talismans
 b - a beast talisman (active)
 c - a flux talisman
Scrolls
 d - a scroll of revelation {unknown}
Potions
 a - a potion of lignification


   Skills:
 + Level 1.3 Fighting
 + Level 2.2 Dodging
 + Level 3.1 Unarmed Combat
 + Level 3.1 Shapeshifting


You had one spell level left.
You didn't know any spells.
Your spell library was empty.

Dungeon Overview and Level Annotations

Branches:
Dungeon (1/15)

Altars:


Innate Abilities, Weirdness & Mutations

You are a hulking beast.
Your limbs bulge with bestial killing power. (Slay +2)
You cannot wear most types of armour.
You are amphibious.
You can wear up to eight rings at the same time.
Your skin changes colour to match your surroundings (Stealth+).
Your rubbery body absorbs attacks. (AC +1, EV +1)
((You are camouflaged when in or above water. (Stealth+)))
You have tentacles for arms and can constrict up to eight enemies at once.


Message History

A gnoll and a ball python come into view.
Found a white potion.
The ball python hisses angrily.
There are monsters nearby!
There are monsters nearby!
You see here a scroll labelled GEMUAS PACRU.
The gnoll shouts!
You tentacle-slap the ball python but do no damage.
Your grab misses the ball python. Your squeeze misses the ball python.
The ball python barely misses you. x2
You closely miss the ball python. You grab the ball python.
You squeeze the ball python.
You kill the ball python!
Found a leather armour.
You see here a ball python corpse.
You tentacle-slap the gnoll. Your grab misses the gnoll.
The gnoll is moderately wounded.
The gnoll hits you with a +0 flail!
Ouch! That really hurt!
You are too injured to fight recklessly!
You are too injured to fight recklessly!
You are too injured to fight recklessly!
You are too injured to fight recklessly!
You are too injured to fight recklessly!
You are too injured to fight recklessly!
You are too injured to fight recklessly!
You are too injured to fight recklessly!
You are too injured to fight recklessly!
You are too injured to fight recklessly!
You are too injured to fight recklessly!
You are too injured to fight recklessly!
You are too injured to fight recklessly!
You are too injured to fight recklessly!
You are too injured to fight recklessly!
You are too injured to fight recklessly!
Unknown command.
You tentacle-slap the gnoll. You grab the gnoll.
The gnoll is moderately wounded.
You constrict the gnoll. The gnoll hits you with a +0 flail.
You die...

[..........##
............#
..PPP....#..#
.P..P.P..#..#
.P.!..P.....# ####
.......P.#..# #...
.P....gP.#..#########.#.
...P.PPh?#..............
..PP.PP.....#########.##
#.......###.# #.#
######### #.# #.#
##########.# #.#
#..........# #.#
#.########## #.# ##.##
#.# ##.>.## #.#


You could see a gnoll.

Vanquished Creatures
  2 dart slugs (D:1)
  2 ball pythons (D:1)
  2 kobolds (D:1)
6 creatures vanquished.

Notes
Turn   | Place    | Note
-------+----------+-------------------------------------------
     0 | D:1      | LeprechaunX the Octopode Shapeshifter began the quest for
                  | the Orb.
     0 | D:1      | Reached XP level 1. HP: 13/13 MP: 1/1
   163 | D:1      | Reached XP level 2. HP: 18/18 MP: 2/2
   170 | D:1      | Slain by a gnoll

Illustrated notes

Levels and vault maps discovered:
D:1:      reono_arrival_forest_river, layout_loops_ring, nicolae_grassy_gnolls

Action                     || total
---------------------------++-------
  Melee: Unarmed           ||    11
         Constrict         ||     4
         Tentacles         ||     2
         Punch             ||     1
   Stab: Sleeping          ||     1
  Dodge: Dodged            ||     3

Table legend: (Time is in decaauts)
 A = Elapsed time spent in this place.
 B = Non-inter-level travel time spent in this place.
 C = Inter-level travel time spent in this place.
 D = Time resting spent in this place.
 E = Time spent auto-exploring this place.
 F = Levels seen in this place.
 G = Mean time per level.
                   A        B        C        D        E       F      G
               +--------+--------+--------+--------+--------+-----+--------+
         Total |    169 |    169 |      0 |      0 |    136 |   1 |  169.0 |
       Dungeon |    169 |    169 |      0 |      0 |    136 |   1 |  169.0 |
               +--------+--------+--------+--------+--------+-----+--------+

Top non-repeatable levels by time:
     D:1: 169 daAuts
